 Dungeon Crawl Stone Soup version 0.21-a0-529-g8c7b3f5 (webtiles) character file.

903 KristoblXynda the Covert (level 8, 0/50 HPs)
             Began as an Octopode Assassin on Dec 10, 2017.
             Slain by an orc
             ... wielding a +0 flail
              (9 damage)
             ... on level 4 of the Dungeon.
             The game lasted 00:08:55 (4810 turns).

KristoblXynda the Covert (Octopode Assassin)        Turns: 4810, Time: 00:08:56

Health: 0/50       AC:  1    Str: 10    XL:     8   Next: 7%
Magic:  8/8        EV: 16    Int: 15    God:
Gold:   170        SH:  0    Dex: 16    Spells: 7/7 levels left

rFire    . . .     SeeInvis .   a - +3 dagger
rCold    + . .     Gourm    .   (no shield)
rNeg     . . .     Faith    .   (helmet restricted)
rPois    .         Spirit   .   (no amulet)
rElec    .         Reflect  .   e - ring of protection from cold
rCorr    .         Harm     .   n - ring of protection from magic
MR       +....     Clarity  +   (no ring)
Stlth    +++++.....             (no ring)
HPRegen  0.16/turn              (no ring)
MPRegen  0.11/turn              (no ring)
                                (no ring)
                                (no ring)

@: no status effects
A: almost no armour, stealthy swim, amphibious, 8 rings, constrict 8, camouflage
1, agile 1, clarity, gelatinous body 1
a: no special abilities


You were on level 4 of the Dungeon.
You were hungry.

You visited 1 branch of the dungeon, and saw 5 of its levels.

You collected 170 gold pieces.

Inventory:

Hand Weapons
 a - a +3 dagger (weapon)
 b - a +0 blowgun
Missiles
 d - 2 curare-tipped needles
 p - 5 poisoned needles
 t - a throwing net (quivered)
 v - 2 needles of frenzy
Jewellery
 e - a ring of protection from cold (left tentacle)
 n - a ring of protection from magic (right tentacle)
Wands
 r - a wand of digging (10)
Scrolls
 c - 3 scrolls of remove curse
 i - 5 scrolls of immolation
 j - a scroll of fear
Potions
 h - a potion of might
 k - a potion of curing
 l - a potion of flight
 m - a potion of mutation
 o - a potion of resistance
 s - a potion of agility
 u - 2 potions of lignification
Comestibles
 f - 5 bread rations
 g - 2 fruits


   Skills:
 - Level 2.0 Fighting
 - Level 2.0 Short Blades
 + Level 5.4 Throwing
 + Level 5.1 Dodging
 + Level 9.1 Stealth


You had 7 spell levels left.
You didn't know any spells.

Dungeon Overview and Level Annotations

Branches:
Dungeon (5/15)
 Temple: D:4-7

Altars:


Innate Abilities, Weirdness & Mutations

You cannot wear most types of armour.
You are very stealthy in the water. (Stealth+)
You are amphibious.
You can wear up to eight rings at the same time.
You can use your tentacles to constrict eight enemies at once.
Your skin changes colour to match your surroundings (Stealth+).
Your rubbery body absorbs attacks. (AC +1, EV +1)
You are agile. (Dex +2)
You possess an exceptional clarity of mind.


Message History

You hit the orc.
The orc is moderately wounded.
You constrict the orc, but do no damage.
The orc misses you.
You completely miss the orc.
The orc is moderately wounded.
You constrict the orc. The orc completely misses you.
You hit the orc but do no damage.
The orc is heavily wounded.
You constrict the orc, but do no damage.
The orc hits you with a flail.
* * * LOW HITPOINT WARNING * * *
You hit the orc but do no damage.
The orc is heavily wounded.
You constrict the orc, but do no damage.
You hit the orc.
The orc is severely wounded.
You constrict the orc, but do no damage.
The orc hits you with a flail!
You die...

#.##.## #.#...#
#.##..#
...#..########
.#...........#
...#.........#
#.##.........#
#####........#####
.............'.[@#
.............###o#
####.........# #.#
# #.........# #.#
# #.######### #.#
# #.# #####.# #.#
#.....# #.#
#.######### ####.#
#.# #.....#


You could see an orc.

Vanquished Creatures
  Edmund (D:4)
  2 ogres (D:4)
  Blork the orc (D:4)
  2 howler monkeys (D:4)
  The ghost of KristoblXynda the Sneak, a weakling SpEn (D:3)
  A hound (D:4)
  An orc wizard (D:4)
  Natasha (thrice) (D:4)
  3 worker ants (D:4)
  Robin (D:2)
  A howler monkey skeleton (D:4)
  4 adders
  8 gnolls
  2 oozes
  3 dart slugs
  6 leopard geckos
  6 orcs
  4 giant cockroaches
  17 goblins
  12 hobgoblins
  A quokka (D:3)
  6 bats
  6 frilled lizards
  10 kobolds
  7 rats
109 creatures vanquished.

Notes
Turn   | Place    | Note
-------+----------+-------------------------------------------
     0 | D:1      | KristoblXynda the Octopode Assassin began the quest for the Orb.
     0 | D:1      | Reached XP level 1. HP: 14/14 MP: 1/1
    65 | D:1      | Reached XP level 2. HP: 19/19 MP: 2/2
   160 | D:1      | Reached XP level 3. HP: 21/24 MP: 3/3
   462 | D:1      | Reached skill level 6 in Stealth
  1052 | D:2      | Noticed Robin
  1074 | D:1      | Reached XP level 4. HP: 23/29 MP: 4/4
  1339 | D:2      | Killed Robin
  1885 | D:2      | Reached XP level 5. HP: 19/34 MP: 5/5
  2507 | D:3      | Noticed KristoblXynda's ghost (weakling SpEn)
  2686 | D:3      | Reached skill level 7 in Stealth
  3086 | D:3      | Killed KristoblXynda's ghost
  3086 | D:3      | Reached XP level 6. HP: 38/39 MP: 6/6
  3237 | D:4      | Noticed Blork the orc
  3244 | D:4      | Killed Blork the orc
  3251 | D:4      | Gained mutation: You are agile. (Dex +2) [potion of mutation]
  3251 | D:4      | Gained mutation: You possess an exceptional clarity of mind. [potion of mutation]
  3349 | D:4      | Noticed Natasha
  3356 | D:4      | Killed Natasha
  3372 | D:4      | Noticed Natasha
  3597 | D:4      | Killed Natasha
  3789 | D:4      | Reached skill level 8 in Stealth
  3789 | D:4      | Reached XP level 7. HP: 14/45 MP: 7/7
  4057 | D:4      | Noticed Natasha
  4066 | D:4      | Killed Natasha
  4066 | D:4      | Reached skill level 5 in Throwing
  4637 | D:5      | Entered Level 5 of the Dungeon
  4638 | D:5      | Noticed Edmund
  4688 | D:4      | Killed Edmund
  4688 | D:4      | Reached skill level 5 in Dodging
  4688 | D:4      | Reached skill level 9 in Stealth
  4688 | D:4      | Reached XP level 8. HP: 50/50 MP: 8/8
  4810 | D:4      | Slain by an orc

Vault maps used:
D:1:      minmay_arrival_jagged, minmay_misc_feat_room, minmay_small_reverse_x
D:2:      uniq_robin
D:4:      cheibrodos_barr_body, first_bread, minmay_misc_feat_tower,
          uniq_blork_the_orc, uniq_natasha
D:5:      uniq_edmund

Skill      XL: |  1  2  3  4  5  6  7 |
---------------+----------------------+-----
Stealth        | 6 7 8 9 |  9.1
Dodging        | 2 3 4 5 |  5.1
Throwing       | 3 4 5 |  5.4
Fighting       | |  2.0
Short Blades   | |  2.0

Action                   |  1- 3 |  4- 6 |  7- 9 || total
-------------------------+-------+-------+-------++-------
Melee: Dagger            |    59 |   154 |    49 ||   262
       Tentacles         |     7 |    35 |    13 ||    55
       Constrict         |    10 |    40 |    12 ||    62
 Fire: Blowgun           |       |    18 |     2 ||    20
  Use: Scroll            |       |    12 |     2 ||    14
       Potion            |       |     2 |     1 ||     3
 Stab: Sleeping          |    15 |     6 |     4 ||    25
       Distracted        |       |     1 |       ||     1
  Eat: Chunk             |       |     6 |     1 ||     7
       Fruit             |       |     3 |     2 ||     5
Armor: Skin              |     1 |     9 |     2 ||    12
Dodge: Dodged            |    28 |   103 |    44 ||   175

Table legend:
 A = Spawn XP
 B = Non-spawn XP
 C = Spawn XP percentage of total XP
 D = Spawn monster count
 E = Non-spawn monster count
 F = Spawn count percentage of total count
 G = Total turns spent on level
                    A         B        C        D         E        F      G
               +---------+---------+-------+---------+---------+-------+---------
         Total |       0 |    1291 |   0.0 |       0 |     109 |   0.0 |  4810
               +---------+---------+-------+---------+---------+-------+---------
           D:1 |       0 |      78 |   0.0 |       0 |      33 |   0.0 |  1140
           D:2 |       0 |     144 |   0.0 |       0 |      30 |   0.0 |  1240
           D:3 |       0 |     128 |   0.0 |       0 |      21 |   0.0 |   812
           D:4 |       0 |     941 |   0.0 |       0 |      25 |   0.0 |  1595
               +---------+---------+-------+---------+---------+-------+---------
